 Dungeon Crawl Stone Soup version 0.30-a0-948-g4fa250aae5 (webtiles) character file.

Game seed: 15792875885121662832

18477 Iniera the Destroyer (level 12, -3/89 HPs)
             Began as a Demonspawn Conjurer on Mar 27, 2023.
             Was an Elder of Vehumet.
             Killed from afar by a will-o-the-wisp (10 damage)
             ... with a foxfire
             ... on level 2 of the Abyss.
             The game lasted 00:31:20 (13581 turns).

Iniera the Destroyer (Demonspawn Conjurer)         Turns: 13581, Time: 00:31:20

Health: -3/89      AC: 10    Str:  7    XL:     12   Next: 28%
Magic:  21/33      EV: 12    Int: 24    God:    Vehumet [****..]
Gold:   803        SH:  5    Dex: 13    Spells: 5/27 levels left

rFire   + . .      SeeInvis .    a - +7 dagger (venom)
rCold   . . .      Faith    .    w - +0 buckler
rNeg    . . .      Spirit   .    t - +1 leather armour {rF+}
rPois   +          Reflect  .    (no helmet)
rElec   .          Rampage  .    e - +0 cloak
rCorr   .                        z - +1 pair of gloves
Will    .....                    (boots unavailable)
Stlth   ++                       y - amulet of magic regeneration
HPRegen 0.34/turn                f - ring of magical power
MPRegen 0.63/turn                m - ring of poison resistance

@: about to teleport
A: hooves 3, thin metallic scales 2, powered by pain 1, demonic magic 2
a: Renounce Religion


You were on level 2 of the Abyss.
You worshipped Vehumet.
Vehumet was greatly pleased with you.
You visited 2 branches of the dungeon, and saw 13 of its levels.
You visited the Abyss 1 time.
You also visited: Bailey.

You collected 803 gold pieces.

Inventory:

Hand Weapons
 a - a +7 dagger of venom (weapon)
Armour
 e - a +0 cloak (worn)
 t - a +1 leather armour of fire resistance (worn)
 w - a +0 buckler (worn)
 z - a +1 pair of gloves (worn)
Magical Staves
 b - a staff of conjuration
Jewellery
 f - a ring of magical power (left hand)
 m - a ring of poison resistance (right hand)
 y - an amulet of magic regeneration (around neck)
 A - a ring of positive energy
 B - a ring of protection from fire
 J - a +6 ring of strength
Wands
 q - a wand of quicksilver (8)
 u - a wand of roots (11)
 C - a wand of mindburst (15)
 E - a wand of flame (23)
Scrolls
 c - 6 scrolls of teleportation
 k - 4 scrolls of blinking
 o - a scroll of brand weapon
 r - 2 scrolls of poison
 v - 3 scrolls of fog
 x - a scroll of identify
 F - 2 scrolls of fear
Potions
 d - 4 potions of heal wounds
 g - 10 potions of curing
 h - 4 potions of invisibility
 i - 2 potions of cancellation
 j - a potion of berserk rage
 l - a potion of resistance {unknown}
 n - a potion of ambrosia {unknown}
 p - 3 potions of brilliance
 s - a potion of attraction {unknown}
 D - 2 potions of haste
 G - a potion of experience
 H - 5 potions of magic
 I - a potion of might


   Skills:
 + Level 6.5 Fighting
 - Level 2.0 Short Blades
 + Level 1.3 Armour
 + Level 4.7 Dodging
 - Level 2.9 Stealth
 - Level 4.1 Shields
 + Level 8.4 Spellcasting
 * Level 13.1 Conjurations
 - Level 5.0 Hexes
 - Level 4.9 Translocations
 - Level 3.2 Fire Magic
 - Level 2.2 Evocations


You had 5 spell levels left.
You knew the following spells:

 Your Spells              Type           Power      Damage    Failure   Level
a - Magic Dart            Conj           100%       1d8       1%          1
b - Searing Ray           Conj           100%       2d8       1%          2
c - Fulminant Prism       Conj/Hex       26%        3d13      1%          4
d - Iskenderun's Mystic   Conj/Tloc      52%        2d11      1%          4
e - Sticky Flame          Conj/Fire      49%        2d7       1%          4
f - Orb of Destruction    Conj           32%        9d10      12%         7

Your spell library contained the following spells:

 Spells                   Type           Power      Damage    Failure   Level
 Ignite Poison            Fire/Tmut/Pois 15%        N/A       6%          3
 Dazzling Flash           Conj/Hex       100%       N/A       1%          3
 Gell's Gravitas          Tloc           33%        N/A       4%          3
 Teleport Other           Tloc           33%        N/A       4%          3
 Summon Guardian Golem    Hex/Summ       22%        N/A       13%         3
 Summon Forest            Summ/Tloc      10%        N/A       77%         5
 Spellforged Servitor     Conj/Summ      20%        N/A       82%         7
 Dispersal                Tloc           16%        N/A       94%         6
 Eringya's Noxious Bog    Tmut/Pois      5%         N/A       98%         6
 Summon Hydra             Summ           5%         N/A       100%        7


Dungeon Overview and Level Annotations

Branches:
Dungeon (14/15)            Temple (1/1) D:7            Lair (0/5) D:8
    Orc (0/2) D:11         Bailey (visited)
 Vaults: D:13-14

Altars:
Ashenzari
Cheibriados
Dithmenos
Fedhas
Gozag
Hepliaklqana
Kikubaaqudgha
Makhleb
Nemelex Xobeh
Okawaru
Qazlal
Ru
Sif Muna
Trog
Uskayaw
Vehumet
Wu Jian
Xom
Yredelemnul


Innate Abilities, Weirdness & Mutations

You have hooves in place of feet.
You are mostly covered in thin metallic scales. (AC +3)
You sometimes gain a little power by taking damage.
Spells you cast may paralyse nearby enemies.


Message History

You feel your power returning.
The small abomination hits you but does no damage.
The will-o-the-wisp gestures.
The will-o-the-wisp conjures some foxfire! 2 foxfires come into view.
Casting: Iskenderun's Mystic Blast (mildly dangerous; 1% risk of failure)
Confirm with . or Enter, or press ? or * to list all spells.
You erupt in a blast of force!
The mystic blast hits the will-o-the-wisp.
The will-o-the-wisp is moderately damaged.
The will-o-the-wisp is knocked back by the mystic blast.
The mystic blast hits the small abomination.
The small abomination is severely damaged.
Malevolent energies surge around you. The foxfire hits you! You resist.
* * * LOW HITPOINT WARNING * * *
The foxfire hits you! You resist.
* * * LOW HITPOINT WARNING * * *
Unknown command.
Unknown command.
Casting: Iskenderun's Mystic Blast (mildly dangerous; 1% risk of failure)
Confirm with . or Enter, or press ? or * to list all spells.
You erupt in a blast of force!
The mystic blast hits the small abomination.
The small abomination is almost destroyed.
Malevolent energies surge around you.
The small abomination barely misses you.
The will-o-the-wisp gestures.
The will-o-the-wisp conjures some foxfire! 2 foxfires come into view.
Unknown command.
Casting: Iskenderun's Mystic Blast (mildly dangerous; 1% risk of failure)
Confirm with . or Enter, or press ? or * to list all spells.
You erupt in a blast of force!
The mystic blast hits the small abomination.
The small abomination is almost destroyed.
The small abomination is knocked back by the mystic blast.
Malevolent energies surge around you.
The small abomination suddenly stops moving!
The foxfire hits you! You resist.
You die...

.#... .#. .. ........
..... #.. .v... ...#
#.. #... ...# ##.#
##.## ##.##
##...###...###.. ## ..
#...v§#...x.#.....#...
.....§v..............
. §#v@.#.# .. ##.
###.####..#.# ..#.##.#
####...####. #. .... .
# #. ..## # # .#.. #
#..#. # . #.#. .## #


You could see a will-o-the-wisp and a small abomination (paralysed).

Vanquished Creatures
  An orc warlord (Bailey)
  A great orb of eyes (Abyss:2)
  3 two-headed ogres
  3 death yaks (D:8)
  Pikel (D:5)
  An ugly thing (D:11)
  A stone giant zombie (Abyss:2)
  A cyclops (D:11)
  The ghost of ThatPearl the Sneak, a novice OpBr of Hepliaklqana (D:6)
  2 black mambas (D:14)
  An unseen horror (D:11)
  3 kobold demonologists
  A komodo dragon (D:11)
  A hornet (D:11)
  Grinder (D:5)
  A slime creature (D:14)
  A shadow (D:7)
  A wyvern (D:9)
  7 yaks
  3 wraiths
  A ynoxinul (Abyss:2)
  A human (D:9)
  2 hogs (D:9)
  Eustachio (D:4)
  5 vampire mosquitoes
  Menkaure (D:5)
  4 water moccasins (D:14)
  A swamp drake (D:11)
  An ice beast (D:6)
  3 black bears
  13 orc warriors
  4 centaurs
  7 ogres (D:8)
  3 lemures
  A bullfrog (D:6)
  2 kobold brigands
  6 gnoll sergeants
  4 wights (D:10)
  6 killer bees (D:9)
  A howler monkey (D:9)
  3 electric eels (D:14)
  2 jellies
  A hound (D:7)
  4 gnoll boudas
  8 orc priests
  5 iguanas
  Terence (D:2)
  4 sleepcaps
  Natasha (D:3)
  13 orc wizards
  3 hell rats (D:8)
  41 gnolls
  12 adders
  4 river rats (D:8)
  2 shadow imps
  5 white imps
  An ufetubus (D:7)
  2 worms
  2 dart slugs
  42 orcs
  9 endoplasms
  2 giant cockroaches
  14 goblins
  7 hobgoblins
  3 jackals (D:3)
  9 quokkas
  8 ball pythons
  5 bats
  4 frilled lizards
  23 kobolds
  7 rats
349 creatures vanquished.

Vanquished Creatures (others)
  8 foxfires (Abyss:2)
  52 fulminant prisms
  5 fungi (D:8)
  14 plants
79 creatures vanquished.

Grand Total: 428 creatures vanquished

Notes
Turn   | Place    | Note
-------+----------+-------------------------------------------
     0 | D:1      | Iniera the Demonspawn Conjurer began the quest for the Orb.
     0 | D:1      | Reached XP level 1. HP: 13/13 MP: 3/3
   153 | D:1      | Gained mutation: You have large cloven feet. [demonic
                  | ancestry]
   153 | D:1      | Reached XP level 2. HP: 19/19 MP: 3/5
   772 | D:2      | Reached skill level 5 in Conjurations
   815 | D:2      | Reached XP level 3. HP: 21/24 MP: 6/6
   818 | D:2      | Learned a level 2 spell: Searing Ray
   975 | D:2      | Noticed Terence
   989 | D:2      | Killed Terence
   990 | D:2      | Gained mutation: You sometimes gain a little power by
                  | taking damage. [demonic ancestry]
   990 | D:2      | Reached XP level 4. HP: 13/30 MP: 0/7
   995 | D:2      | Learned a level 4 spell: Fulminant Prism
  1338 | D:2      | Found a faded altar of an unknown god.
  1338 | D:2      | Noticed a hellwing
  1967 | D:3      | Gained mutation: You are partially covered in thin metallic
                  | scales. (AC +2) [demonic ancestry]
  1967 | D:3      | Reached XP level 5. HP: 35/35 MP: 8/8
  2113 | D:3      | Reached skill level 1 in Hexes
  2277 | D:3      | Noticed Natasha
  2279 | D:3      | Killed Natasha
  2280 | D:3      | Reached skill level 1 in Translocations
  2657 | D:4      | Reached skill level 6 in Conjurations
  2906 | D:4      | Noticed Eustachio
  2913 | D:4      | Killed Eustachio
  2914 | D:4      | Gained mutation: You are mostly covered in thin metallic
                  | scales. (AC +3) [demonic ancestry]
  2914 | D:4      | Reached XP level 6. HP: 41/41 MP: 10/10
  3486 | D:5      | Entered Level 5 of the Dungeon
  3739 | D:5      | Gained mutation: You have hoof-like feet. [demonic
                  | ancestry]
  3739 | D:5      | Reached XP level 7. HP: 34/46 MP: 7/12
  3745 | D:5      | Noticed Grinder
  3751 | D:5      | HP: 1/46 [Grinder (6)]
  3753 | D:5      | Killed Grinder
  3754 | D:5      | Reached skill level 7 in Conjurations
  3851 | D:4      | Learned a level 4 spell: Iskenderun's Mystic Blast
  3860 | D:5      | Noticed a vampire mosquito
  3948 | D:4      | Killed a vampire mosquito
  4091 | D:5      | Noticed a vampire mosquito
  4101 | D:5      | Killed a vampire mosquito
  4102 | D:5      | Reached XP level 8. HP: 44/52 MP: 9/14
  4215 | D:5      | Noticed Pikel
  4223 | D:5      | Killed Pikel
  4224 | D:5      | Reached skill level 8 in Conjurations
  4598 | D:5      | Noticed Menkaure
  4606 | D:5      | Killed Menkaure
  4924 | D:5      | Found a sparkling altar of Nemelex Xobeh.
  5187 | D:6      | Reached skill level 5 in Spellcasting
  5389 | D:6      | Reached skill level 9 in Conjurations
  5389 | D:6      | Gained mutation: Spells you cast may paralyse adjacent
                  | enemies. [demonic ancestry]
  5389 | D:6      | Reached XP level 9. HP: 57/57 MP: 11/16
  5732 | D:6      | Reached skill level 5 in Hexes
  5898 | D:6      | Found a runed translucent door.
  5908 | D:6      | Noticed ThatPearl's ghost (novice OpBr)
  5920 | D:6      | Killed ThatPearl's ghost
  6499 | D:7      | Reached skill level 1 in Fighting
  6624 | D:7      | Reached skill level 1 in Short Blades
  6624 | D:7      | Reached skill level 10 in Conjurations
  6642 | D:7      | Found a staircase to the Ecumenical Temple.
  6648 | Temple   | Entered the Ecumenical Temple
  6983 | Temple   | Became a worshipper of Vehumet
  7020 | D:7      | Reached skill level 1 in Shields
  7711 | D:8      | Noticed a death yak
  7747 | D:8      | Killed a death yak
  7747 | D:8      | Reached * piety under Vehumet
  7747 | D:8      | Offered knowledge of Kiss of Death by Vehumet.
  7748 | D:8      | Reached XP level 10. HP: 18/67 MP: 2/19
  7930 | D:8      | Noticed a death yak
  7954 | D:8      | Noticed a death yak
  7962 | D:8      | Killed a death yak
  7969 | D:8      | Killed a death yak
  8138 | D:8      | Found a staircase to the Lair.
  8140 | D:8      | Noticed a two-headed ogre
  8183 | D:8      | Killed a two-headed ogre
  8184 | D:8      | Reached skill level 11 in Conjurations
  8681 | D:8      | Found a sacrificial altar of Ru.
  9283 | D:8      | Reached ** piety under Vehumet
  9328 | D:8      | Offered knowledge of Foxfire by Vehumet.
  9863 | D:9      | Reached skill level 1 in Evocations
  9966 | D:9      | Gained mutation: Spells you cast may paralyse nearby
                  | enemies. [demonic ancestry]
  9966 | D:9      | Reached XP level 11. HP: 78/78 MP: 21/21
 10257 | D:9      | Offered knowledge of Momentum Strike by Vehumet.
 10459 | D:9      | Reached *** piety under Vehumet
 10605 | D:9      | Learned a level 7 spell: Orb of Destruction
 10632 | D:10     | Entered Level 10 of the Dungeon
 10838 | D:10     | Reached skill level 5 in Fighting
 10849 | D:10     | Offered knowledge of Sticky Flame by Vehumet.
 10855 | D:10     | Learned a level 4 spell: Sticky Flame
 10927 | D:10     | Found a flagged portal.
 11059 | Bailey   | Entered a bailey
 11064 | Bailey   | Noticed an orc warlord
 11196 | Bailey   | Reached **** piety under Vehumet
 11287 | Bailey   | Reached skill level 1 in Fire Magic
 11311 | Bailey   | Found a runed translucent gate.
 11312 | Bailey   | Found a runed translucent gate.
 11313 | Bailey   | Found a runed translucent gate.
 11415 | Bailey   | Killed an orc warlord
 11415 | Bailey   | Offered knowledge of Ignite Poison by Vehumet.
 11416 | Bailey   | Reached skill level 12 in Conjurations
 12252 | D:11     | Noticed a two-headed ogre
 12260 | D:11     | Killed a two-headed ogre
 12333 | D:11     | Noticed a purple ugly thing
 12343 | D:11     | Killed a purple ugly thing
 12464 | D:11     | Found a staircase to the Orcish Mines.
 12658 | D:11     | Noticed a two-headed ogre
 12667 | D:11     | Killed a two-headed ogre
 12668 | D:11     | Gained mutation: You have hooves in place of feet. [demonic
                  | ancestry]
 12668 | D:11     | Reached XP level 12. HP: 88/88 MP: 19/24
 12777 | D:11     | You fall into a shaft and drop 3 floors!
 13217 | Abyss:2  | Cast into level 2 of the Abyss (a wizard)
 13256 | Abyss:2  | Noticed a daeva
 13264 | Abyss:2  | Found a corrupted altar of Lugonu.
 13422 | Abyss:2  | Noticed a starcursed mass
 13450 | Abyss:2  | Noticed a great orb of eyes
 13451 | Abyss:2  | Paralysed by a great orb of eyes for 3 turns
 13464 | Abyss:2  | Killed a great orb of eyes
 13465 | Abyss:2  | Reached skill level 1 in Armour
 13465 | Abyss:2  | Reached skill level 13 in Conjurations
 13497 | Abyss:2  | Found a shimmering altar of Xom.
 13500 | Abyss:2  | Noticed a hell hog
 13581 | Abyss:2  | Killed from afar by a will-o-the-wisp

Illustrated notes

Levels and vault maps discovered:
D:1:      minmay_arrival_checkered_box, layout_rooms, minivault_11,
          minmay_domino_2
D:2:      minmay_spotlight, layout_basic,
          dreamdust_ecumenical_altar_sealed_demon, minmay_statues_item,
          uniq_terence
D:3:      layout_loops_ring, palyth_stone_intersect, st_stairs_3,
          saegor_snake_ambush, uniq_natasha
D:4:      layout_basic, uniq_eustachio
D:5:      layout_basic, old_standard_altar, uniq_pikel, uniq_menkaure,
          uniq_grinder
D:6:      layout_basic, ebering_ghost_sewer_d
D:7:      layout_gridville, minmay_temple_entry_tees
D:8:      kennysheep_seaside_town, layout_loops_ring, lemuel_tele_altar,
          dpeg_lair_monsters
D:9:      layout_long_grid, grunt_livestock
D:10:     layout_basic, enter_bailey_5, minmay_misc_feat_secret_circle
D:11:     layout_basic, erik_orc_1
D:14:     layout_loops_corners, erik_vaults_1, kennysheep_doodads, nrook_uturn,
          minivault_14, hangedman_parallel_progression
Temple:   mainiacjoe_temple_cubbyholes
Abyss:2:  base: D:6, hangedman_illusive_loot

Skill      XL: |  1  2  3  4  5  6  7  8  9 10 11 12 |
---------------+-------------------------------------+-----
Conjurations   | 5 6 7 9 10 11 12 13 | 13.1
Hexes          | 2 3 4 5 |  5.0
Translocations | 1 2 3 4 |  4.9
Spellcasting   | 3 4 5 6 7 8 |  8.4
Stealth        | 2 |  2.9
Fighting       | 2 4 6 |  6.5
Short Blades   | 2 |  2.0
Shields        | 1 4 |  4.1
Dodging        | 2 4 |  4.7
Evocations     | 1 2 |  2.2
Fire Magic     | 3 |  3.2
Armour         | 1 |  1.3

Action                     |  1- 3 |  4- 6 |  7- 9 | 10-12 || total
---------------------------+-------+-------+-------+-------++-------
  Melee: Hand axe          |    10 |       |       |       ||    10
         Dagger            |    37 |    62 |    58 |   140 ||   297
         Kick              |     9 |    18 |    21 |    46 ||    94
         Punch             |       |       |     1 |       ||     1
   Cast: Magic Dart        |    36 |    63 |   116 |   197 ||   412
         Searing Ray       |     1 |    14 |    32 |    48 ||    95
         Fulminant Prism   |       |     2 |    13 |    37 ||    52
         Iskenderun's Myst |       |       |    15 |    62 ||    77
         Sticky Flame      |       |       |       |    11 ||    11
         Orb of Destructio |       |       |       |     1 ||     1
  Evoke: Wand              |       |       |     1 |       ||     1
    Use: Scroll            |     3 |     4 |     7 |    12 ||    26
         Potion            |       |       |     2 |       ||     2
   Stab: Sleeping          |       |     3 |       |     1 ||     4
         Paralysed         |       |       |     7 |    50 ||    57
 Armour: Robe              |    13 |    20 |       |       ||    33
         Leather armour    |       |       |    39 |    52 ||    91
  Dodge: Dodged            |    52 |    53 |    77 |    96 ||   278
  Block: Buckler           |       |       |       |    36 ||    36

Table legend: (Time is in decaauts)
 A = Elapsed time spent in this place.
 B = Non-inter-level travel time spent in this place.
 C = Inter-level travel time spent in this place.
 D = Time resting spent in this place.
 E = Time spent auto-exploring this place.
 F = Levels seen in this place.
 G = Mean time per level.
                   A        B        C        D        E       F      G
               +--------+--------+--------+--------+--------+-----+--------+
         Total |  13626 |  13035 |    591 |   1256 |   9398 |  15 |  908.4 |
       Dungeon |  12467 |  11940 |    527 |   1073 |   8860 |  12 | 1038.9 |
        Temple |    353 |    290 |     63 |      0 |    288 |   1 |  353.0 |
         Abyss |    363 |    363 |      0 |    128 |     11 |   1 |  363.0 |
        Bailey |    442 |    442 |      0 |     55 |    238 |   1 |  442.0 |
               +--------+--------+--------+--------+--------+-----+--------+

Top non-repeatable levels by time:
     D:8: 2273 daAuts
     D:4: 1620 daAuts
     D:6: 1109 daAuts
     D:3: 1016 daAuts
     D:7: 971 daAuts
    D:10: 963 daAuts
     D:2: 958 daAuts
     D:5: 938 daAuts
     D:9: 786 daAuts
    D:11: 753 daAuts
     D:1: 638 daAuts
  Bailey: 442 daAuts
    D:14: 437 daAuts
 Abyss:2: 363 daAuts
  Temple: 353 daAuts
